 Dungeon Crawl Stone Soup version 0.23-a0-890-gc183402 (console) character file.

Game seed: 12933652254927361281

137 Duffy the Magician (level 5, 35/35 HPs)
             Began as a Demonspawn Wizard on Jan 28, 2019.
             Quit the game on level 3 of the Dungeon.
             The game lasted 00:04:02 (2910 turns).

Duffy the Magician (Demonspawn Wizard)              Turns: 2910, Time: 00:04:02

Health: 35/35      AC:  5    Str:  8    XL:     5   Next: 0%
Magic:  9/10       EV: 12    Int: 20    God:
Gold:   223        SH:  0    Dex: 11    Spells: 2/11 levels left

rFire    . . .     SeeInvis .   k - +2 dagger (drain)
rCold    . . .     Gourm    .   (no shield)
rNeg     . . .     Faith    .   a - +0 robe
rPois    .         Spirit   .   b - +0 hat
rElec    .         Reflect  .   l - +0 cloak
rCorr    .         Harm     .   (no gloves)
MR       .....                  (no boots)
Stlth    ++........             e - amulet of regeneration
HPRegen  1.51/turn              (no ring)
MPRegen  0.12/turn              (no ring)

@: no status effects
A: horns 1, yellow scales 1, powered by death 1
a: no special abilities


You were on level 3 of the Dungeon.
You were not hungry.

You visited 1 branch of the dungeon, and saw 3 of its levels.

You collected 223 gold pieces.

Inventory:

Hand Weapons
 k - a +2 dagger of draining (weapon)
Armour
 a - a +0 robe (worn)
 b - a +0 hat (worn)
 l - a +0 cloak (worn)
 m - a +3 ring mail
Jewellery
 e - an amulet of regeneration (around neck)
Wands
 n - a wand of paralysis (12)
Scrolls
 c - a scroll of identify {unknown}
 f - a scroll of amnesia {unknown}
 i - 2 scrolls of magic mapping {unknown}
 j - a scroll of teleportation {unknown}
 r - a scroll of remove curse {unknown}
 s - a scroll of fog {unknown}
Potions
 g - a potion of haste {unknown}
 h - 2 potions of curing {unknown}
 o - a potion of lignification {unknown}
 p - a potion of mutation {unknown}
 q - a potion of resistance {unknown}
 t - a potion of heal wounds {unknown}
Comestibles
 d - 2 rations


   Skills:
 - Level 1.7 Dodging
 - Level 1.7 Stealth
 + Level 3.5 Spellcasting
 * Level 3.3 Conjurations
   Level 1.0 Summonings
 - Level 0.8 Translocations
 + Level 1.0 Fire Magic
 + Level 1.2 Air Magic
 + Level 1.1 Poison Magic


You had 2 spell levels left.
You knew the following spells:

 Your Spells              Type           Power        Failure   Level  Hunger
h - Magic Dart            Conj           ###.         3%          1    None
l - Conjure Flame         Conj/Fire      ##......     16%         3    ###....
o - Mephitic Cloud        Conj/Pois/Air  ##......     19%         3    ###....
B - Blink                 Tloc           N/A          14%         2    ##.....

Your spell library contained the following spells:

 Spells                   Type           Power        Failure   Level  Hunger
 Call Imp                 Summ           #.......     14%         2    ##.....
 Slow                     Hex            #.......     21%         2    ##.....


Dungeon Overview and Level Annotations

Branches:
Dungeon (3/15)

Altars:
Dithmenos


Innate Abilities, Weirdness & Mutations

You have a pair of small horns on your head.
You are partially covered in yellow scales. (AC +2)
You regenerate a little health from kills.


Message History

A ball python comes into view.
The kobold throws a stone.
The stone hits you but does no damage.
You hear a shout!
You hit the giant cockroach. You drain the giant cockroach.
You kill the giant cockroach!
You have reached level 5!
Your demonic ancestry asserts itself...
A pair of horns grows on your head!
The kobold throws a stone.
The stone barely misses you.
The kobold throws a stone.
The stone closely misses you.
You see here a stone.
Casting: Magic Dart (safe; 3% risk of failure)
Confirm with . or Enter, or press ? or * to list all spells.
Aiming: Magic Dart (safe; 3% risk of failure)
Press: ? - help, Shift-Dir - straight line, f - goblin
Aim: a goblin The magic dart hits the goblin.
The goblin is severely wounded.
The kobold throws a stone.
The stone barely misses you.
Are you sure you want to abandon this character and quit the game? (Confirm with "yes".)

#...).#.#.####...#
..K......#........#
.........#####0#..##
.........# ##00.#..#
####
.........###0#0#0#)#
#...
.........#00000.0.^#
..#
>....r...00#0#0#0####.#
....S.S..####000#0....#
....g..((@# ##.#0...#.#
.......##.####..#####.#
#.##### #......## .#
##>##### ## .. #.# .#
..


You could see an adder, a goblin, a ball python, a kobold and a rat.

Vanquished Creatures
  A bullfrog zombie (D:3)
  3 adders (D:2)
  A worm (D:2)
  A dart slug (D:1)
  3 leopard geckos (D:1)
  2 giant cockroaches
  7 goblins
  8 hobgoblins
  10 jackals
  A quokka (D:3)
  2 ball pythons (D:3)
  4 bats
  5 frilled lizards
  4 kobolds (D:1)
  17 rats
69 creatures vanquished.

Notes
Turn   | Place    | Note
-------+----------+-------------------------------------------
     0 | D:1      | Duffy the Demonspawn Wizard began the quest for the Orb.
     0 | D:1      | Reached XP level 1. HP: 13/13 MP: 4/4
   475 | D:1      | Gained mutation: You regenerate a little health from kills.
                  | [demonic ancestry]
   475 | D:1      | Reached XP level 2. HP: 19/19 MP: 0/6
  1033 | D:1      | Reached XP level 3. HP: 24/24 MP: 0/7
  1038 | D:1      | Learned a level 3 spell: Mephitic Cloud
  1042 | D:1      | Learned a level 3 spell: Conjure Flame
  2067 | D:2      | Gained mutation: You are partially covered in yellow
                  | scales. (AC +2) [demonic ancestry]
  2067 | D:2      | Reached XP level 4. HP: 23/30 MP: 2/9
  2677 | D:3      | Learned a level 2 spell: Blink
  2691 | D:3      | Reached skill level 1 in Air Magic
  2712 | D:3      | Reached skill level 1 in Fire Magic
  2712 | D:3      | Reached skill level 1 in Poison Magic
  2825 | D:3      | Found a shadowy altar of Dithmenos.
  2906 | D:3      | Gained mutation: You have a pair of small horns on your
                  | head. [demonic ancestry]
  2906 | D:3      | Reached XP level 5. HP: 35/35 MP: 10/10
  2910 | D:3      | Quit the game

Vault maps used:
D:1:      psy_arrival_dodecagon, minmay_rat_gold_closets
D:3:      grunt_dithmenos_smoke_and_mirrors, first_ration

Skill      XL: |  1  2  3  4 |
---------------+-------------+-----
Conjurations   | 2 3 |  3.3
Air Magic      | 1 |  1.2
Fire Magic     | 1 |  1.0
Poison Magic   | 1 |  1.1
Dodging        | |  1.7
Stealth        | |  1.7
Spellcasting   | |  3.5
Summonings     | |  1.0
Translocations | |  0.8

Action                   |  1- 3 |  4- 6 || total
-------------------------+-------+-------++-------
Melee: Unarmed           |     1 |       ||     1
       Dagger            |       |     3 ||     3
 Cast: Magic Dart        |   108 |    44 ||   152
       Conjure Flame     |       |     1 ||     1
  Eat: Chunk             |     3 |     3 ||     6
Armor: Robe              |    19 |     4 ||    23
Dodge: Dodged            |    53 |    11 ||    64

Table legend:
 A = Non-vault XP
 B = Vault XP
 C = Vault XP percentage of total XP
 D = Non-vault monster count
 E = Vault monster count
 F = Vault count percentage of total count
                 A         B        C        D         E       F
            +---------+---------+-------+---------+---------+-------
      Total |     187 |       9 |   4.6 |      60 |       9 |  13.0
            +---------+---------+-------+---------+---------+-------
        D:1 |      61 |       9 |  12.9 |      34 |       9 |  20.9
        D:2 |      62 |       0 |   0.0 |      15 |       0 |   0.0
        D:3 |      64 |       0 |   0.0 |      11 |       0 |   0.0
            +---------+---------+-------+---------+---------+-------
